 Dungeon Crawl Stone Soup version 0.32-a0-41-gec2d92a32c (webtiles) character file.

Game seed: 6002082785726044463

656 lunkers the Reanimator (level 7, -10/42 (46) HPs)
             Began as a Vampire Necromancer on Jan 25, 2024.
             Mangled by a wight
             ... wielding a +1 heavy halberd
              (15 damage)
             ... on level 5 of the Dungeon.
             The game lasted 00:05:28 (4588 turns).

lunkers the Reanimator (Vampire Necromancer)        Turns: 4588, Time: 00:05:29

HP:   -10/42 (46)   AC:  6    Str:  7    XL:     7   Next: 29%
MP:   13/13         EV: 12    Int: 19    God:
Gold: 184           SH:  0    Dex: 15    Spells: 14/15 levels left

rFire   . . .        a - -3 double sword
rCold   . . .        (no shield)
rNeg    . . .        d - +1 robe
rPois   .            (no helmet)
rElec   .            (no cloak)
rCorr   .            r - +2 pair of gloves
SInv    +            (no boots)
Will    .....        (no amulet)
Stlth   ++           q - ring of wizardry
HPRegen 0.47/turn    (no ring)
MPRegen 0.13/turn

%: wizardry (x1)
@: healing quickly, drained
A: alive, fangs 3, see invisible, vampiric 2
a: Exsanguinate


You were on level 5 of the Dungeon.
You visited 1 branch of the dungeon, and saw 5 of its levels.

You collected 185 gold pieces.
You spent 1 gold pieces at shops.

Inventory:

Hand Weapons
 a - a -3 double sword (weapon)
 v - a +0 dagger of speed
 x - a +1 short sword of electrocution
Armour
 d - a +1 robe (worn)
 r - a +2 pair of gloves (worn)
Jewellery
 i - a ring of ice
 q - a ring of wizardry (left hand)
Scrolls
 e - a scroll of enchant armour
 f - 4 scrolls of identify {unknown}
 g - 2 scrolls of enchant weapon {unknown}
 h - a scroll of amnesia {unknown}
 k - 2 scrolls of vulnerability {unknown}
 m - a scroll of teleportation {unknown}
 o - 2 scrolls of blinking {unknown}
 s - a scroll of immolation {unknown}
 u - a scroll of noise {unknown}
Potions
 b - 2 potions of magic
 c - a potion of might {unknown}
 j - a potion of cancellation {unknown}
 l - a potion of degeneration {unknown}
 n - a potion of brilliance {unknown}
 p - a potion of curing {unknown}
 t - a potion of resistance {unknown}
 w - a potion of heal wounds {unknown}


   Skills:
 - Level 2.1 Dodging
 - Level 3.0 Stealth
 + Level 4.6 Spellcasting
 * Level 8.4 Necromancy


You had 14 spell levels left.
You knew the following spells:

 Your Spells              Type           Power      Damage    Failure   Level
a - Necrotise             Necr           100%       1d9       1%          1

Your spell library contained the following spells:

 Spells                   Type           Power      Damage    Failure   Level
 Vampiric Draining        Necr           36%        2d8       1%          3
 Animate Dead             Necr           36%        N/A       1%          4
 Curse of Agony           Necr           36%        N/A       4%          5
 Gell's Gravitas          Tloc           4%         N/A       16%         3
 Teleport Other           Tloc           4%         N/A       16%         3
 Dispersal                Tloc           2%         N/A       100%        6


Dungeon Overview and Level Annotations

Branches:
Dungeon (5/15)
 Temple: D:4-7

Altars:
Nemelex Xobeh
Qazlal

Shops:
D:5 *


Innate Abilities, Weirdness & Mutations

Your natural rate of healing is accelerated.
You have razor-sharp teeth.
You have supernaturally acute eyesight. (SInv)
You are afflicted with vampirism and can become a bat while bloodless.


Message History

You can't see any susceptible monsters within range! (Use Z to cast anyway.) Adjust (i)tems, (s)pells, or (a)bilities?
Adjust which spell?
Okay, then.
The wight attacks as it pursues you!
The wight hits you from afar with a +1 heavy halberd.
You feel drained. The wight attacks as it pursues you! The wight misses you.
The wight misses you. The wight closely misses you.
You barely miss the wight. The wight barely misses you.
You hit the wight but do no damage. The wight misses you.
You closely miss the wight. You punch the wight, but do no damage.
The wight hits you with a +1 heavy halberd!
You feel drained.
You closely miss the wight. Your bite misses the wight.
The wight barely misses you.
You barely miss the wight. You bite the wight, but do no damage.
The wight hits you with a +1 heavy halberd!
* * * LOW HITPOINT WARNING * * *
You barely miss the wight. Your bite misses the wight.
The wight barely misses you.
Unknown command.
You hit the wight.
The wight is moderately damaged.
The wight hits you with a +1 heavy halberd!
* * * LOW HITPOINT WARNING * * *
You closely miss the wight. Your bite misses the wight.
The wight is moderately damaged.
The wight hits you with a +1 heavy halberd.
* * * LOW HITPOINT WARNING * * *
You barely miss the wight. You bite the wight.
The wight is heavily damaged.
A wight comes into view. It is wielding a +4 dagger of freezing.
The wight barely misses you.
Unknown command.
You hit the wight but do no damage.
The wight is heavily damaged.
The wight hits you with a +1 heavy halberd!
You die...

##.######.##.# #.
##...#####.##.# #.
#..........##.# #.
#....##......∩###.
#.#.###.##.#....<.
#.#.# #.##.##>###.
#.#.###.#...#.# #†
#.#.#...#...#.# #.
#@#...........# #.
#z###.#####.### #.
#z....# #. ####..#
#. #..# #.
#..#####..## #.
#...>....?.. ..
#..........####
#..######..# #


You could see 2 wights.

Vanquished Creatures
  A black bear (D:4)
  An ogre (D:4)
  A phantom (D:4)
  A scorpion (D:4)
  2 bombardier beetles
  2 iguanas (D:4)
  An orc wizard (D:4)
  5 adders
  4 gnolls (D:3)
  2 ufetubi (D:5)
  2 dart slugs
  13 orcs
  6 ball pythons
  4 bats
  5 endoplasms
  4 giant cockroaches
  A goblin (D:3)
  7 hobgoblins
  4 kobolds
  2 quokkas
  2 frilled lizards (D:1)
  6 rats
76 creatures vanquished.

Vanquished Creatures (collateral kills)
  A hound (D:4)
  An adder (D:2)
  A goblin (D:3)
  A rat (D:2)
4 creatures vanquished.

Grand Total: 80 creatures vanquished

Notes
Turn   | Place    | Note
-------+----------+-------------------------------------------
     0 | D:1      | lunkers the Vampire Necromancer began the quest for the
                  | Orb.
     0 | D:1      | Reached XP level 1. HP: 13/13 MP: 3/3
   378 | D:1      | Reached XP level 2. HP: 19/19 MP: 1/5
   590 | D:1      | Found a faded altar of an unknown god.
  1174 | D:2      | Reached skill level 5 in Necromancy
  1445 | D:2      | Gained mutation: You are afflicted with vampirism and can
                  | become a bat while bloodless. [Vampire growth]
  1445 | D:2      | Reached XP level 3. HP: 24/24 MP: 2/6
  2244 | D:3      | Reached XP level 4. HP: 30/30 MP: 2/8
  2347 | D:3      | Reached skill level 6 in Necromancy
  2491 | D:3      | Found a sparkling altar of Nemelex Xobeh.
  3210 | D:4      | Noticed a phantom
  3218 | D:4      | Killed a phantom
  3219 | D:4      | Reached XP level 5. HP: 26/35 MP: 8/10
  3242 | D:4      | Found a stormy altar of Qazlal.
  3256 | D:4      | Reached skill level 7 in Necromancy
  3256 | D:4      | Reached XP level 6. HP: 41/41 MP: 4/11
  3706 | D:4      | Reached skill level 8 in Necromancy
  3706 | D:4      | Reached XP level 7. HP: 46/46 MP: 7/13
  4390 | D:5      | Entered Level 5 of the Dungeon
  4390 | D:5      | Found Hoelil's Lightly-Used Armoury.
  4458 | D:5      | Bought a -3 double sword for 1 gold piece
  4588 | D:5      | Mangled by a wight

Illustrated notes

Levels and vault maps discovered:
D:1:      roadster_arrival_rocket_small, layout_basic,
          ebering_ecumenical_altar_webs, minmay_misc_feat_tower, st_stairs_13
D:2:      layout_basic, basic_altar, serial_aquarium,
          aquarium_bridge_long_joined [aquarium_subvault_window,
          aquarium_subvault_bridge, aquarium_subvault_balcony,
          aquarium_subvault_bridge, aquarium_subvault_wall,
          aquarium_subvault_window], aquarium_window_fake,
          aquarium_window_corridor_2, aquarium_window_fake, aquarium_window_2,
          aquarium_view_2f, aquarium_view_2d, aquarium_pool_2
D:3:      layout_basic, nemelex_diamond_rough_becter, minmay_misc_feat_diagonals
D:4:      layout_basic, lemuel_tele_altar, grunt_qazlal_clouds
D:5:      layout_loops_ring, mainiacjoe_overflow_catwalk,
          ashenzari_conservatory_becter, lightli_temple_of_fire,
          temple_doors_ab, serial_bayou_pond_c, minmay_shop_damaged,
          uniq_crazy_yiuf_cottage, uniq_menkaure

Skill      XL: |  1  2  3  4  5  6 |
---------------+-------------------+-----
Necromancy     | 5 6 7 8 |  8.4
Spellcasting   | 3 4 |  4.6
Dodging        | |  2.1
Stealth        | |  3.0

Action                     |  1- 3 |  4- 6 |  7- 9 || total
---------------------------+-------+-------+-------++-------
  Melee: Short sword       |     9 |    13 |    18 ||    40
         Unarmed           |     1 |       |       ||     1
         Punch             |     1 |       |     1 ||     2
         Bite              |       |     1 |     5 ||     6
         Double sword      |       |       |    10 ||    10
   Cast: Necrotise         |    55 |    68 |    28 ||   151
    Use: Scroll            |       |       |     1 ||     1
 Armour: Robe              |    10 |    23 |    31 ||    64
  Dodge: Dodged            |     9 |    27 |    44 ||    80

Table legend: (Time is in decaauts)
 A = Elapsed time spent in this place.
 B = Non-inter-level travel time spent in this place.
 C = Inter-level travel time spent in this place.
 D = Time resting spent in this place.
 E = Time spent auto-exploring this place.
 F = Levels seen in this place.
 G = Mean time per level.
                   A        B        C        D        E       F      G
               +--------+--------+--------+--------+--------+-----+--------+
         Total |   4590 |   4440 |    150 |      0 |   3916 |   5 |  918.0 |
       Dungeon |   4590 |   4440 |    150 |      0 |   3916 |   5 |  918.0 |
               +--------+--------+--------+--------+--------+-----+--------+

Top non-repeatable levels by time:
     D:4: 1179 daAuts
     D:1: 1169 daAuts
     D:3: 1040 daAuts
     D:2: 998 daAuts
     D:5: 201 daAuts
